 Dungeon Crawl Stone Soup version 0.28-a0-439-g4cf4cd4993 (webtiles) character file.

Game seed: 16287832256981539249

1222 Conn the Firebug (level 8, -12/48 HPs)
             Began as an Octopode Fire Elementalist on Sept 11, 2021.
             Mangled by Duvessa (21 damage)
             ... on level 4 of the Dungeon.
             The game lasted 00:09:34 (4321 turns).

Conn the Firebug (Octopode Fire Elementalist)       Turns: 4321, Time: 00:09:35

Health: -12/48     AC:  1    Str:  8    XL:     8   Next: 47%
Magic:  15/15      EV: 13    Int: 19    God:
Gold:   162        SH:  5    Dex: 12    Spells: 15/16 levels left

rFire   . . .      SeeInvis .   h - +0 rapier (venom)
rCold   . . .      Faith    .   (no shield)
rNeg    . . .      Spirit   .   (helmet restricted)
rPois   .          Reflect  +   p - amulet of reflection
rElec   .          Harm     .   (no ring)
rCorr   .          Rampage  .   (no ring)
Will    .....                   (no ring)
Stlth   ++++......              (no ring)
HPRegen 0.16/turn               (no ring)
MPRegen 0.14/turn               (no ring)
                                (no ring)
                                (no ring)

@: no status effects
A: almost no armour, amphibious, 8 rings, camouflage 1, gelatinous body 1,
(nimble swimmer 1), tentacles
a: no special abilities


You were on level 4 of the Dungeon.
You visited 1 branch of the dungeon, and saw 4 of its levels.

You collected 162 gold pieces.

Inventory:

Hand Weapons
 h - a +0 rapier of venom (weapon)
Missiles
 n - 32 poisoned darts
Jewellery
 a - an amulet of faith
 i - an amulet of the acrobat
 p - an amulet of reflection (around mantle)
Wands
 r - a wand of charming (4)
Scrolls
 b - 3 scrolls of enchant armour {unknown}
 d - 2 scrolls of noise {unknown}
 f - a scroll of amnesia {unknown}
 g - 3 scrolls of identify {unknown}
 l - 2 scrolls of teleportation {unknown}
 m - a scroll of acquirement {unknown}
 s - a scroll of magic mapping {unknown}
Potions
 c - a potion of might {unknown}
 e - a potion of lignification {unknown}
 j - a potion of flight {unknown}
 k - 2 potions of degeneration {unknown}
 o - a potion of brilliance {unknown}
 q - a potion of curing {unknown}


   Skills:
 + Level 1.6 Fighting
 + Level 1.9 Short Blades
 + Level 3.0 Dodging
 + Level 5.6 Stealth
 + Level 0.5 Shields
 + Level 0.3 Unarmed Combat
 + Level 4.9 Spellcasting
 + Level 4.4 Conjurations
 + Level 5.6 Fire Magic


You had 15 spell levels left.
You knew the following spells:

 Your Spells              Type           Power      Damage    Failure   Level
a - Foxfire               Conj/Fire      92%        2x1d8     1%          1

Your spell library contained the following spells:

 Spells                   Type           Power      Damage    Failure   Level
 Scorch                   Fire           52%        2d7       1%          2
 Conjure Flame            Conj/Fire      23%        6-21      4%          3
 Inner Flame              Hex/Fire       15%        N/A       12%         3
 Flame Wave               Conj/Fire      23%        3d6       16%         4
 Gell's Gravitas          Tloc           2%         N/A       36%         3
 Teleport Other           Tloc           4%         N/A       36%         3
 Dispersal                Tloc           2%         N/A       100%        6


Dungeon Overview and Level Annotations

Branches:
Dungeon (4/15)
 Temple: D:4-7

Altars:
Hepliaklqana
Kikubaaqudgha
Vehumet
Zin

Shops:
D:3 *

Annotations:
D:3 exclusion: statue
D:4 Duvessa


Innate Abilities, Weirdness & Mutations

You cannot wear most types of armour.
You are amphibious.
You can wear up to eight rings at the same time.
Your skin changes colour to match your surroundings (Stealth+).
Your rubbery body absorbs attacks. (AC +1, EV +1)
((You are camouflaged near water. (Stealth+)))
You have tentacles for arms and can constrict up to eight enemies at once.


Message History

Duvessa shouts!
You hit Dowan.
Dowan is heavily wounded.
You constrict Dowan. Dowan hits you with a +0 dagger. Dowan barely misses you.
You hit Dowan but do no damage.
Dowan is poisoned.
Dowan is heavily wounded.
You constrict Dowan. You block Dowan's attack.
You release your grip on Dowan.
Dowan gestures at Duvessa while chanting.
Duvessa seems to speed up.
You kill Dowan!
Duvessa weeps, then rights herself and shakes her weapon.
Duvessa goes berserk!
Duvessa rages.
Duvessa rages.
You barely miss Duvessa. You grab Duvessa. You squeeze Duvessa.
Duvessa is lightly wounded.
You constrict Duvessa, but do no damage.
Duvessa hits you with a +0 rapier!! Duvessa hits you with a +0 rapier!
* * * LOW HITPOINT WARNING * * *
Unknown command.
Okay, then.
Okay, then.
Aiming: Charm
Press: ? - help, Shift-Dir - straight line, f - Duvessa
Aim: Duvessa, wielding a +0 rapier and wearing a +3 leather armour (lightly wounded, constricted by you, berserk, fast, chance to affect: 28%) Duvessa easily resists.
You constrict Duvessa, but do no damage.
You block Duvessa's attack.
Casting: Foxfire (safe; 1% risk of failure)
Confirm with . or Enter, or press ? or * to list all spells.
Okay, then.
Unknown command.
Aiming: Charm
Press: ? - help, Shift-Dir - straight line, f/p - Duvessa
Aim: Duvessa, wielding a +0 rapier and wearing a +3 leather armour (lightly wounded, constricted by you, berserk, fast, chance to affect: 28%) Duvessa easily resists.
You constrict Duvessa, but do no damage.
Duvessa hits you with a +0 rapier!!
You die...

....##§..≈§≈≈≈)...'....# #.#
....##≈§..§..[...≈#).### #n#
.)..###§§.....[.§≈#.## #.#
.#...###≈≈§..[)≈§##.# #.#
.......###≈≈≈)§≈###.# #n####
##...### ####'### #.# #.....
###.## ##.## #.# ###.#[
.##.########...####.# #.#.
..............>.@##.##########.#.
.####..###.......e...........#.#.
.......# ##.....##w#.#######.#.#.
####...# ##.[.##.###..# #.#.#.
#...# #...###.#.#.# #.#.#. #...#
#..#.....##.# #.#.#. #...#
#..####..##.# #.#v#.
####...#####..# #..##.## #.#.#.
.......##.....# #..#...####.#.#n


You could see Duvessa (berserk, fast) and a worm.

Vanquished Creatures
  Pikel (D:4)
  A necrophage (D:4)
  2 phantoms
  2 lemures
  A kobold brigand (D:3)
  Blork the orc (D:4)
  Dowan (D:4)
  A hound (D:4)
  An orc priest (D:4)
  Crazy Yiuf (D:3)
  2 bullfrog skeletons (D:4)
  Terence (D:3)
  2 orc wizards
  Robin (D:3)
  A gnoll (D:1)
  3 adders (D:2)
  A worm (D:2)
  A dart slug (D:2)
  5 orcs
  4 endoplasms
  2 giant cockroaches
  17 goblins
  12 hobgoblins
  8 jackals
  11 kobolds
  2 quokkas (D:4)
  2 ball pythons (D:2)
  2 bats (D:2)
  4 frilled lizards
  A quokka skeleton (D:4)
  2 rats (D:2)
96 creatures vanquished.

Vanquished Creatures (others)
  276 foxfires
  6 plants (D:3)
282 creatures vanquished.

Grand Total: 378 creatures vanquished

Notes
Turn   | Place    | Note
-------+----------+-------------------------------------------
     0 | D:1      | Conn the Octopode Fire Elementalist began the quest for the
                  | Orb.
     0 | D:1      | Reached XP level 1. HP: 11/11 MP: 3/3
   208 | D:1      | Reached XP level 2. HP: 17/17 MP: 3/5
   264 | D:1      | Found a faded altar of an unknown god.
   483 | D:1      | Reached XP level 3. HP: 17/21 MP: 3/6
  1122 | D:2      | Reached XP level 4. HP: 27/27 MP: 4/8
  1518 | D:2      | Noticed a phantom
  1535 | D:2      | Killed a phantom
  1536 | D:2      | Reached XP level 5. HP: 19/31 MP: 4/9
  1971 | D:3      | Noticed Robin
  2182 | D:3      | Found a hazy altar of Hepliaklqana.
  2239 | D:3      | Noticed Terence
  2263 | D:3      | Killed Terence
  2264 | D:3      | Reached XP level 6. HP: 16/36 MP: 5/11
  2658 | D:3      | Killed Robin
  2742 | D:3      | Found Helen's Assorted Antiques.
  2798 | D:3      | Found a glowing silver altar of Zin.
  2814 | D:3      | Found an ancient bone altar of Kikubaaqudgha.
  2931 | D:3      | Found a radiant altar of Vehumet.
  3003 | D:3      | Found a runed translucent door.
  3004 | D:3      | Noticed Crazy Yiuf
  3011 | D:3      | Killed Crazy Yiuf
  3048 | D:4      | Noticed Pikel
  3335 | D:4      | Reached XP level 7. HP: 23/42 MP: 6/12
  3414 | D:4      | Killed Pikel
  3415 | D:4      | Reached skill level 1 in Fighting
  3415 | D:4      | Reached skill level 1 in Short Blades
  3415 | D:4      | Reached skill level 5 in Stealth
  3415 | D:4      | Reached skill level 5 in Fire Magic
  3415 | D:4      | Reached XP level 8. HP: 17/48 MP: 2/14
  4215 | D:4      | Noticed Blork the orc
  4224 | D:4      | Killed Blork the orc
  4297 | D:4      | Noticed Duvessa
  4297 | D:4      | Noticed Dowan
  4314 | D:4      | Killed Dowan
  4321 | D:4      | Mangled by Duvessa

Illustrated notes

Levels and vault maps discovered:
D:1:      dpeg_arrival_rooms_a, layout_rooms,
          chequers_ecumenical_altar_simple_redux, chequers_hall_statues_y
D:2:      layout_basic
D:3:      cheibrodos_thug_alley, layout_rooms,
          mainiacjoe_overflow_six_doors_small, vehumet_statue,
          mainiacjoe_overflow_big_doors, serial_shops,
          nicolae_shop_overgrown_old_shop, serial_bayou_pond_a, uniq_robin,
          uniq_terence, uniq_crazy_yiuf_cottage
D:4:      layout_loops_ring, kennysheep_potato, uniq_duvessa,
          uniq_blork_the_orc, uniq_pikel

Skill      XL: |  1  2  3  4  5  6  7  8 |
---------------+-------------------------+-----
Stealth        | 3 4 5 |  5.6
Spellcasting   | 3 4 |  4.9
Fire Magic     | 4 5 |  5.6
Conjurations   | 2 3 4 |  4.4
Fighting       | 1 |  1.6
Short Blades   | 1 |  1.9
Dodging        | 3 |  3.0
Shields        | |  0.5
Unarmed Combat | |  0.3

Action                   |  1- 3 |  4- 6 |  7- 9 || total
-------------------------+-------+-------+-------++-------
Melee: Unarmed           |    13 |       |       ||    13
       Constrict         |     4 |    12 |     6 ||    22
       Tentacles         |     2 |     5 |     4 ||    11
       Rapier            |       |    48 |    24 ||    72
 Cast: Foxfire           |    47 |    80 |    41 ||   168
Evoke: Wand              |       |       |     2 ||     2
  Use: Potion            |       |     1 |     1 ||     2
 Stab: Sleeping          |       |     4 |     1 ||     5
Armor: Skin              |       |     5 |     1 ||     6
Dodge: Dodged            |     8 |    48 |    23 ||    79
Block: Other             |       |       |    12 ||    12

Table legend: (Time is in decaauts)
 A = Elapsed time spent in this place.
 B = Non-inter-level travel time spent in this place.
 C = Inter-level travel time spent in this place.
 D = Time resting spent in this place.
 E = Time spent auto-exploring this place.
 F = Levels seen in this place.
 G = Mean time per level.
                   A        B        C        D        E       F      G
               +--------+--------+--------+--------+--------+-----+--------+
         Total |   4333 |   4295 |     38 |    485 |   2697 |   4 | 1083.2 |
       Dungeon |   4333 |   4295 |     38 |    485 |   2697 |   4 | 1083.2 |
               +--------+--------+--------+--------+--------+-----+--------+

Top non-repeatable levels by time:
     D:3: 1624 daAuts
     D:2: 1231 daAuts
     D:4: 789 daAuts
     D:1: 687 daAuts
